Map: Prion Terraces

Players

CaptHELLiCAN - Winner!

  • Race: Zerg Zerg
  • League: Platinum

LilDicky

  • Race: Terran Terran
  • League: Platinum

VOD

http://www.twitch.tv/tumescentpie

Description

Time

  • Played on: Nov. 20, 2015, 11:52 a.m.
  • Length: 10:36
Show
View Real Time Build Order
Export as new Build Order

CaptHELLiCAN Zerg - Winner!

Build Orders: Hatch First 

Get SALT Encoding   

  12  0:01  Drone  
  13  0:13  Overlord  
  13  0:17  Drone  
  14  0:32  Drone x2  
  16  0:36  Drone  
  17  0:55  Hatchery  
  16  1:00  Drone x2  
  18  1:17  Spawning Pool  
  17  1:20  Drone  
  17  1:25  Overlord  
  18  1:31  Drone  
  19  1:45  Drone  
  20  1:58  Overlord  
  20  2:09  Hatchery  
  20  2:15  Queen x2  
  19  2:21  Zergling x2  
  24  2:25  Drone  
  24  2:26  Drone  
  26  2:33  Drone  
  26  2:36  Drone  
  28  2:38  Drone  
  28  2:40  Drone  
  30  2:48  Extractor  
  30  2:49  Drone x2  
  31  3:02  Queen  
  31  3:03  Queen  
  35  3:14  Drone x5  
  35  3:19  Overlord  
  40  3:28  Drone x3  
  40  3:29  Drone x2  
  40  3:31  Drone  
  46  3:37  Queen  
  48  3:46  Extractor  
  48  3:48  Drone x3, Extractor x3  
  47  3:49  Drone x3  
  47  3:52  Overlord  
  47  3:55  Zergling x2  
  51  4:08  Drone  
  51  4:09  Drone x6  
  58  4:17  Evolution Chamber  
  58  4:18  Evolution Chamber  
  58  4:22  Overlord x2  
  58  4:24  Drone x3  
  58  4:32  Lair  
  58  4:35  Drone  
  58  4:36  Drone x6  
  58  4:38  Metabolic Boost  
  65  4:54  Drone  
  65  4:55  Drone x5, Extractor  
  65  4:56  Extractor  
  69  5:02  Zerg Melee Weapons Level 1  
  69  5:05  Zerg Ground Armor Level 1  
  69  5:08  Overlord  
  69  5:09  Hatchery  
  68  5:26  Drone x2  
  68  5:27  Zergling x6  
  68  5:28  Baneling Nest, Zergling x10  
  77  5:36  Zergling x2  
  77  5:37  Zergling x4  
  80  5:43  Zergling x18  
  80  5:45  Infestation Pit  
  88  5:52  Overlord  
  88  5:53  Zergling x2  
  88  5:54  Zergling x2  
  90  6:02  Zergling x2  
  90  6:03  Zergling x4  
  89  6:09  Overlord  
  89  6:22  Drone  
  89  6:23  Drone x4  
  94  6:31  Pathogen Glands  
  94  6:32  Hive, Centrifical Hooks  
  93  6:35  Drone  
  93  6:36  Drone x8  
  93  6:37  Queen  
  102  7:00  Zergling x2  
  102  7:01  Zergling x20  
  112  7:03  Overlord x2  
  112  7:05  Overlord  
  112  7:06  Overlord  
  111  7:10  Extractor  
  111  7:11  Zerg Ground Armor Level 2, Zerg Melee Weapons Level 2  
  111  7:12  Extractor  
  109  7:34  Infestor x2  
  109  7:35  Infestor x2  
  117  7:38  Baneling x8  
  117  7:39  Baneling x6  
  117  7:42  Zergling x16  
  117  7:43  Zergling x4  
  117  7:44  Overlord x5  
  126  8:01  Zergling x2  
  126  8:02  Zergling x16  
  126  8:05  Overlord x2  
  135  8:07  Adrenal Glands  
  135  8:10  Ultralisk Cavern  
  134  8:25  Drone x2  
  134  8:26  Drone x5  
  125  8:43  Drone x3  
  126  8:57  Overlord  
  126  9:04  Chitinous Plating  
  124  9:24  Ultralisk  
  124  9:25  Ultralisk x8  
  175  9:35  Zergling x16  
  175  9:36  Zergling x18  
  192  9:43  Baneling  
  192  9:44  Baneling x11  
  192  9:50  Zergling x2  
  192  9:51  Zergling x6  
  196  9:56  Extractor  
  196  9:57  Hatchery  
  194  10:01  Extractor  
Show
View Real Time Build Order
Export as new Build Order

LilDicky Terran 

Build Orders: Command Center First (CC), MMM Bio 

Get SALT Encoding   

  12  0:01  SCV  
  13  0:13  SCV  
  14  0:20  Supply Depot  
  14  0:28  SCV  
  15  0:41  SCV  
  16  0:53  SCV  
  17  1:05  SCV  
  17  1:08  Command Center  
  17  1:18  SCV  
  18  1:32  SCV, Barracks  
  19  1:44  SCV  
  20  2:02  SCV  
  21  2:15  SCV  
  22  2:21  Marine  
  23  2:30  Orbital Command  
  23  2:34  Barracks  
  23  2:43  Marine  
  24  2:51  Refinery  
  24  2:54  Command Center  
  24  2:59  Command Center  
  24  3:01  Orbital Command  
  24  3:04  Marine  
  25  3:16  SCV  
  26  3:22  Barracks  
  26  3:23  Marine  
  27  3:28  Barracks Tech Lab  
  27  3:30  SCV x2  
  29  3:40  Marine  
  30  3:42  SCV  
  30  3:43  SCV  
  32  3:51  Refinery, Marine  
  32  3:54  SCV  
  34  3:58  Marine  
  34  4:01  SCV  
  36  4:06  Stimpack  
  36  4:07  Orbital Command  
  36  4:09  Marine  
  37  4:12  Orbital Command  
  38  4:19  SCV  
  38  4:21  Barracks Reactor  
  38  4:24  Barracks Tech Lab  
  38  4:25  SCV  
  38  4:27  Marine  
  38  4:31  SCV  
  41  4:41  SCV  
  41  4:44  Barracks  
  41  4:45  Barracks, Marine  
  43  4:46  Barracks  
  43  4:47  SCV x2  
  43  4:49  SCV, Barracks  
  46  4:53  Marine  
  46  4:57  SCV  
  46  4:59  SCV  
  49  5:00  Marine  
  49  5:02  SCV x2  
  49  5:03  Marine  
  49  5:05  Combat Shields  
  53  5:07  Marine  
  53  5:09  SCV  
  53  5:11  Marine  
  53  5:13  SCV  
  57  5:14  SCV  
  57  5:18  Marine  
  57  5:21  Marine  
  60  5:25  Marine  
  60  5:27  SCV x3, Orbital Command  
  65  5:30  Marauder  
  66  5:36  Marine  
  66  5:39  Marine  
  68  5:45  Bunker  
  68  5:47  Barracks Tech Lab x2, Bunker  
  68  5:49  Barracks Tech Lab x2  
  68  5:51  Supply Depot  
  68  5:52  Supply Depot x2  
  68  5:58  Marauder x2  
  68  6:01  Marine x2  
  67  6:04  Supply Depot  
  67  6:07  Concussive Shells  
  67  6:09  SCV x2  
  61  6:12  SCV x2, Marine  
  61  6:15  Marine  
  61  6:16  Marine  
  61  6:17  Marine  
  67  6:19  Marauder, Marine x3  
  67  6:20  Refinery  
  67  6:22  SCV x2  
  67  6:24  SCV, Refinery  
  75  6:29  Engineering Bay  
  75  6:31  Marauder  
  75  6:32  Engineering Bay  
  77  6:33  Marine x2  
  77  6:35  Marine  
  77  6:36  Marine x2  
  77  6:37  Marauder  
  77  6:39  Supply Depot  
  84  6:40  Marine  
  84  6:41  SCV  
  86  6:51  Marine x2  
  86  6:52  Marine  
  89  6:59  Marine x2  
  89  7:00  Bunker, Marauder x2  
  86  7:01  Marine  
  86  7:03  Terran Infantry Weapons Level 1, Terran Infantry Armor Level 1  
  82  7:09  Marine  
  82  7:10  Marauder x2  
  82  7:12  Factory  
  82  7:13  Bunker  
  82  7:15  Bunker  
  85  7:17  Marine x2  
  85  7:19  Supply Depot, Marine  
  85  7:21  Marine  
  89  7:36  Marine x3  
  92  7:37  Marauder  
  92  7:38  Marauder  
  92  7:39  SCV x3  
  92  7:40  Barracks  
  92  7:42  Barracks  
  99  7:55  SCV x3, Marine x2  
  99  7:56  Marine  
  105  7:59  Command Center, Marine  
  105  8:00  Marine  
  105  8:04  Supply Depot  
  105  8:05  Marine  
  108  8:09  Starport  
  108  8:10  Factory Reactor  
  108  8:12  Marine x2  
  109  8:14  Marauder  
  112  8:25  Marine x2  
  112  8:26  Marine x3  
  117  8:30  Marine  
  117  8:31  SCV x4, Marauder  
  121  8:35  Marauder  
  121  8:40  Barracks Reactor x2  
  110  8:43  Marine x2  
  110  8:44  Marauder x3  
  110  8:45  SCV  
  110  8:46  SCV x2  
  111  8:48  Marauder  
  111  8:50  Missile Turret  
  111  8:52  Marine  
  110  8:56  SCV, Marine  
  110  8:58  SCV  
  110  9:01  Marine x2  
  115  9:05  Marauder x2  
  115  9:06  Marauder  
  123  9:10  Marauder x2  
  123  9:11  Armory  
  123  9:14  Marine  
  123  9:17  Marine x2  
  124  9:18  Marine, Medivac x2  
  124  9:19  Marine x2  
  124  9:20  Marine  
  132  9:27  Missile Turret, Marauder x3  
  132  9:30  Marine  
  132  9:31  Marine  
  139  9:32  Marine  
  139  9:34  Marine x2  
  139  9:36  Marine x2  
  139  9:37  Marine x2  
  146  9:39  Planetary Fortress  
  146  9:48  Marine  
  147  9:58  Supply Depot  
  147  10:08  SCV, Marine x3  
  147  10:09  SCV, Marauder x4, Marine x4  
  147  10:10  Marauder  
  132  10:30  Refinery  
Tags
 
Add a new tag
Caveats
  • Supply blocks, unpowered buildings, or Contaminate may cause inaccurate times.
  • Supply counts are checked every 10 seconds.